AoeStats
← ROKETSAN YeniCeri

Arabia

508867787Analyzed
1v1 RM · 7d ago on Sep 24, 2026· 52m 59s· 2 players
Game mode
Random Map
Map size
Tiny (2 player)
Population
200
Speed
Normal
Resources
Standard
Victory
Conquest
Starting age
Dark Age
Ending age
Imperial Age
RankedLock teamsTeams togetherTeam positionsShared explorationLock speedFull tech treeHidden civsTurbo modeCheats
Victory
Defeat
🇺🇸 Romans · United States
762
+16
🇩🇪 Turks · Germany
764
-16
Redeemed1
5:45 Loom
11:51 Feudal Age
12:15 Man-at-Arms
15:12 Scale Mail Armor
16:13 Double-Bit Axe
16:50 Forging
21:39 Castle Age
21:46 Castle Age
21:08 Horse Collar
26:40 Chain Mail Armor
27:02 Iron Casting
29:06 Imperial Age
28:52 Heavy Plow
33:10 Bow Saw
32:50 Long Swordsman
33:33 Squires
34:49 Redemption
35:39 Legionary
37:36 Conscription
39:37 Wheelbarrow
41:35 Blast Furnace
40:45 Scale Barding Armor
41:23 Hand Cart
44:34 Comitatenses
44:41 Chain Barding Armor
44:23 Fletching
44:33 Padded Archer Armor
46:57 Bloodlines
46:47 Husbandry
47:05 Elite Centurion
48:32 Bodkin Arrow
48:53 Leather Archer Armor
49:44 Crop Rotation
50:17 Herbal Medicine
50:31 Stone Mining
50:32 Gold Mining
50:19 Elite Skirmisher
52:51 Ring Archer Armor
ROKETSAN YeniCeri
1:25 Loom
12:48 Feudal Age
22:14 Castle Age
31:14 Imperial Age
47:45 Sanctity
50:12 Squires
51:00 Horse Collar
52:00 Fletching
Connection lost

Rejoining the realm…

Still unreachable

The connection could not be restored.

Session expired

The server has moved on; the page needs a fresh start.